 Dungeon Crawl Stone Soup version 0.24-a0-282-g1a68c91 (webtiles) character file.

Game seed: 5084260941485871563

277 MatthieuS the Cudgeler (level 6, -2/47 HPs)
             Began as a Human Wanderer on May 3, 2019.
             Killed from afar by an orc wizard (12 damage)
             ... with a puff of flame
             ... on level 4 of the Dungeon.
             The game lasted 00:10:09 (4678 turns).

MatthieuS the Cudgeler (Human Wanderer)             Turns: 4678, Time: 00:10:10

Health: -2/47      AC:  8    Str: 13    XL:     6   Next: 51%
Magic:  6/6        EV:  9    Int: 14    God:
Gold:   296        SH:  0    Dex: 12    Spells: 5/5 levels left

rFire    . . .     SeeInvis +   l - +0 flail
rCold    . . .     Gourm    .   (no shield)
rNeg     . . .     Faith    .   b - +2 scale mail
rPois    .         Spirit   .   (no helmet)
rElec    .         Reflect  .   (no cloak)
rCorr    .         Harm     .   (no gloves)
MR       .....                  (no boots)
Stlth    ..........             (no amulet)
HPRegen  0.15/turn              z - ring of see invisible
MPRegen  0.10/turn              (no ring)

@: no status effects
A: no striking features
a: no special abilities


You were on level 4 of the Dungeon.
You were not hungry.

You visited 1 branch of the dungeon, and saw 4 of its levels.

You collected 296 gold pieces.

Inventory:

Hand Weapons
 a - a +0 morningstar
   (You found it on level 2 of the Dungeon)
 l - a +0 flail (weapon)
   (You took it off a gnoll on level 3 of the Dungeon)
Armour
 b - a +2 scale mail (worn)
Jewellery
 z - a ring of see invisible (left hand)
   (You found it on level 3 of the Dungeon)
Scrolls
 c - 2 scrolls of teleportation {@r4}
 d - a scroll of fear
 g - a scroll of identify {@r1}
 h - a scroll of enchant armour
 j - 3 scrolls of remove curse {@r2}
 k - a scroll of immolation {!r}
Potions
 f - 2 potions of cancellation
 m - a potion of invisibility
 n - a potion of haste {@q3}
Comestibles
 e - 3 rations
 i - 4 chunks of flesh


   Skills:
 - Level 3.1 Fighting
 + Level 5.9 Maces & Flails
   Level 1.0 Polearms
 - Level 1.0 Armour
 - Level 1.0 Dodging
 - Level 1.0 Stealth
   Level 1.0 Shields
   Level 1.0 Evocations


You had 5 spell levels left.
You didn't know any spells.
Your spell library was empty.

Dungeon Overview and Level Annotations

Branches:
Dungeon (4/15)
 Temple: D:4-7

Altars:

Annotations:
D:4 Sigmund


Message History

The orc wizard shouts!
The orc closely misses you. The orc barely misses you.
The orc hits you but does no damage.
You barely miss the orc. The orc hits you but does no damage.
You closely miss the orc. The orc barely misses you.
The orc wizard hits you with a +0 dagger.
The orc closely misses you.
You hit the orc. The orc barely misses you.
The orc wizard hits you but does no damage.
The orc closely misses you.
You hit the orc.
You kill the orc!
The orc wizard hits you but does no damage.
The orc hits you but does no damage.
You closely miss the orc wizard.
The orc wizard hits you but does no damage.
The orc hits you but does no damage.
You hit the orc wizard.
The orc wizard hits you but does no damage.
The orc hits you with a +0 morningstar!
You hit the orc wizard but do no damage.
The orc wizard hits you but does no damage.
The orc hits you with a +0 morningstar.
You closely miss the orc wizard.
The orc wizard hits you with a +0 dagger.
The orc hits you with a +0 morningstar.
* * * LOW HITPOINT WARNING * * *
The orc wizard hits you with a +0 dagger.
* * * LOW HITPOINT WARNING * * *
An adder comes into view.
The adder hisses angrily.
The adder moves out of view.
Found a scroll labeled UJUCKEWN GAORENT and a plate armour.
Sigmund the Dreaded comes into view.
He is wielding a +4 scythe of venom and wearing a +2 robe of positive energy.
Sigmund shouts!
The adder barely misses you. x2
Found 12 gold pieces and a scroll of remove curse.
The orc wizard points at you and mumbles some strange words.
The puff of flame hits you!
* * * LOW HITPOINT WARNING * * *
The adder closely misses you.
You sock the orc wizard!
The orc wizard hits you but does no damage.
The adder bites you but does no damage.
The orc wizard hits you but does no damage.
The adder bites you.
* * * LOW HITPOINT WARNING * * *
The orc wizard gestures at you while chanting.
The puff of flame hits you!
You die...

....####.........
#................
#..........#.#.. ....?.
#..........###.. ....[.#
.#..........# #.. .......
...........##.... .......
...#............ .......
######.##...........
#......##..S@..#..........##
#........@#oo.###......####
#.......###...........##
.#...................##
#.....#...#####......#
.......##### .......#
...?.$. .......## #.#....
.........# . #....
#....o....#


You could see Sigmund, an orc wizard, an adder and an orc.

Vanquished Creatures
  A scorpion (D:4)
  4 gnolls (D:3)
  8 adders
  An ooze (D:1)
  2 worms
  2 dart slugs
  10 orcs
  3 ball pythons
  3 giant cockroaches
  11 goblins
  8 hobgoblins
  6 jackals
  13 kobolds
  3 quokkas (D:2)
  6 bats
  11 frilled lizards
  9 rats
101 creatures vanquished.

Notes
Turn   | Place    | Note
-------+----------+-------------------------------------------
     0 | D:1      | MatthieuS the Human Wanderer began the quest for the Orb.
     0 | D:1      | MatthieuS set off with the following items: a +0 mace, a +2
                  | scale mail, a scroll of teleportation {@r4}, a ration
     0 | D:1      | Reached XP level 1. HP: 16/16 MP: 1/1
   190 | D:1      | Reached XP level 2. HP: 22/22 MP: 2/2
   439 | D:1      | Reached XP level 3. HP: 25/28 MP: 3/3
   466 | D:1      | Reached skill level 3 in Maces & Flails
   938 | D:2      | Reached XP level 4. HP: 16/34 MP: 4/4
  1831 | D:2      | Reached skill level 4 in Maces & Flails
  2054 | D:2      | Reached XP level 5. HP: 41/41 MP: 5/5
  3556 | D:3      | Reached skill level 5 in Maces & Flails
  3960 | D:3      | Reached XP level 6. HP: 31/47 MP: 6/6
  4672 | D:4      | Noticed Sigmund
  4678 | D:4      | Killed from afar by an orc wizard

Levels and vault maps discovered:
D:1:      dpeg_arrival_rooms_c, layout_basic, minmay_3d_cube
D:2:      minmay_general_purpose_star, layout_loops_corners
D:3:      layout_basic, st_stairs_13, solitary_fountain
D:4:      layout_cave_pools, serial_shops, nicolae_shop_behind_doors,
          uniq_sigmund, uniq_menkaure

Skill      XL: |  1  2  3  4  5 |
---------------+----------------+-----
Maces & Flails | 3 4 5 |  5.9
Fighting       | 3 |  3.1
Polearms       | |  1.0
Armour         | |  1.0
Dodging        | |  1.0
Stealth        | |  1.0
Shields        | |  1.0
Evocations     | |  1.0

Action                   |  1- 3 |  4- 6 || total
-------------------------+-------+-------++-------
Melee: Mace              |   158 |    77 ||   235
       Morningstar       |       |    57 ||    57
       Flail             |       |   162 ||   162
  Use: Potion            |       |     2 ||     2
       Scroll            |       |     5 ||     5
  Eat: Chunk             |       |    13 ||    13
Armor: Scale mail        |    99 |   201 ||   300
Dodge: Dodged            |    88 |   192 ||   280

Table legend:
 A = Non-vault XP
 B = Vault XP
 C = Vault XP percentage of total XP
 D = Non-vault monster count
 E = Vault monster count
 F = Vault count percentage of total count
                 A         B        C        D         E       F
            +---------+---------+-------+---------+---------+-------
      Total |     386 |      11 |   2.8 |      94 |       7 |   6.9
            +---------+---------+-------+---------+---------+-------
        D:1 |      58 |       5 |   7.9 |      33 |       3 |   8.3
        D:2 |      75 |       6 |   7.4 |      22 |       4 |  15.4
        D:3 |     177 |       0 |   0.0 |      35 |       0 |   0.0
        D:4 |      76 |       0 |   0.0 |       4 |       0 |   0.0
            +---------+---------+-------+---------+---------+-------
